 Dungeon Crawl Stone Soup version 0.28-a0-21-gf74fda84f9 (webtiles) character file.

Game seed: 4999230799662721679

1084 dolemite99 the Poker (level 8, -6/100 HPs)
             Began as a Gnoll Chaos Knight on July 27, 2021.
             Was a Plaything of Xom.
             Mangled by an ice beast (13 damage)
             ... summoned by Xom
             ... on level 5 of the Dungeon.
             The game lasted 00:07:13 (4891 turns).

dolemite99 the Poker (Gnoll Chaos Knight)           Turns: 4891, Time: 00:07:14

Health: -6/100     AC: 11    Str: 13    XL:     8   Next: 30%
Magic:  12/12      EV:  7    Int: 11    God:    Xom [...*..]
Gold:   191        SH:  0    Dex: 13    Spells: 11/13 levels left

rFire   . . .      SeeInvis .   a - +6 hand axe (venom)
rCold   . . .      Faith    .   (no shield)
rNeg    . . .      Spirit   .   d - +0 chain mail
rPois   .          Reflect  .   (helmet restricted)
rElec   .          Harm     .   c - +0 cloak
rCorr   .          Rampage  .   (no gloves)
Will    +....                   (no boots)
Stlth   ..........              (no amulet)
HPRegen 0.26/turn               (no ring)
MPRegen 0.13/turn               (no ring)

@: berserking, very quick
A: fangs 1, strong nose, distributed training, horns 2, strong-willed 1,
mutation resistance 1, passive freeze
a: Renounce Religion


You were on level 5 of the Dungeon.
You worshipped Xom.
You were a favourite toy of Xom.
You visited 1 branch of the dungeon, and saw 6 of its levels.

You collected 191 gold pieces.

Inventory:

Hand Weapons
 a - a +6 hand axe of venom (weapon)
 b - a +0 hand crossbow
 w - a +0 trident
 G - a +0 shortbow
Missiles
 f - 116 bolts
 h - 2 throwing nets (quivered)
 m - 102 arrows
 r - 2 atropa-tipped darts
 y - 10 poisoned darts
 B - 58 stones
 E - 8 sling bullets
Armour
 c - a +0 cloak (worn)
 d - a +0 chain mail (worn)
 s - a +2 leather armour
 v - the +3 robe of the Blue Moon {rElec}
   (You found it on level 5 of the Dungeon)

   rElec:     It insulates you from electricity.
 x - the +1 leather armour of Xom's Generosity {MP+9 Dex+6}
   (You found it on level 4 of the Dungeon)

   Dex:       It affects your dexterity (+6).
   MP:        It affects your magic capacity (+9).
 C - a +0 scale mail
Magical Staves
 o - a staff of fire
Wands
 k - a wand of paralysis (11)
 n - a wand of flame (22)
Scrolls
 g - a scroll of fear {unknown}
 i - 2 scrolls of immolation {unknown}
 j - 2 scrolls of teleportation {unknown}
 p - 2 scrolls of blinking
 q - a scroll of holy word {unknown}
Potions
 e - 2 potions of ambrosia
 t - a potion of mutation {unknown}
 u - a potion of brilliance {unknown}
 z - a potion of lignification {unknown}
 A - 2 potions of flight {unknown}
 D - a potion of might {unknown}
 F - a potion of curing {unknown}


   Skills:
 + Level 7.3 Fighting
 + Level 3.1 Short Blades
 + Level 3.1 Long Blades
 + Level 3.1 Axes
 + Level 3.1 Maces & Flails
 + Level 7.3 Polearms
 + Level 3.1 Staves
 + Level 3.1 Slings
 + Level 3.1 Bows
 + Level 3.1 Crossbows
 + Level 3.1 Throwing
 + Level 5.6 Armour
 + Level 4.1 Dodging
 + Level 3.1 Stealth
 + Level 3.1 Shields
 + Level 3.1 Unarmed Combat
 + Level 3.1 Spellcasting
 + Level 2.5 Conjurations
 + Level 2.5 Hexes
 + Level 2.5 Summonings
 + Level 2.5 Necromancy
 + Level 2.5 Translocations
 + Level 2.5 Transmutations
 + Level 2.5 Fire Magic
 + Level 2.5 Ice Magic
 + Level 2.5 Air Magic
 + Level 2.5 Earth Magic
 + Level 2.5 Poison Magic
 + Level 3.4 Invocations
 + Level 3.1 Evocations


You had 11 spell levels left.
You knew the following spells:

 Your Spells              Type           Power      Damage    Failure   Level
a - Corpse Rot            Necr/Air       N/A        N/A       97%         2

Your spell library contained the following spells:

 Spells                   Type           Power      Damage    Failure   Level
 Dispel Undead            Necr           7%         3d8       100%        4
 Death Channel            Necr           3%         N/A       100%        6


Dungeon Overview and Level Annotations

Branches:
Dungeon (6/15)
 Temple: D:4-7

Altars:
Ashenzari
Okawaru
Ru
Xom

Shops:
D:1 =

Annotations:
D:3 3 runed translucent doors, Nausicaa's ghost, amateur MiBe


Innate Abilities, Weirdness & Mutations

You have very sharp teeth.
Your uncanny sense of smell can sniff out nearby items.
Your experience applies equally to all skills.
You have a pair of horns on your head.
You are strong-willed. (Will+)
You are somewhat resistant to further mutation.
A frigid envelope surrounds you and freezes all who hurt you.


Message History

The ice beast completely resists.
You hit the ogre.
The ogre is poisoned.
The ogre is moderately wounded.
You closely miss the ice beast.
The ice beast hits you but does no damage.
The ogre hits you with a +0 giant spiked club!!
A shower of butterflies erupts from you!
The ogre is very cold.
The ogre is heavily wounded.
You slash the ogre!
The ogre looks as sick as possible!
The ogre is severely wounded.
You slash the ice beast!
The ice beast hits you but does no damage.
The ice beast completely resists.
The ogre hits you with a +0 giant spiked club!
* * * LOW HITPOINT WARNING * * *
The ogre is very cold.
The ogre is almost dead.
You slash the ogre!
You kill the ogre!
The ogre's corpse disappears in a puff of smoke!
You closely miss the ice beast. The ice beast hits you.
* * * LOW HITPOINT WARNING * * *
The ice beast freezes you.
* * * LOW HITPOINT WARNING * * *
The ice beast completely resists.
The dart slug launches a dart at you.
The slug dart hits you but does no damage.
The ice beast hits you but does no damage.
The ice beast completely resists.
A red film seems to cover your vision as you go berserk!
You feel yourself moving faster!
You feel mighty!
You hear Xom's maniacal laughter.
The dart slug launches a dart at you. The slug dart misses you.
The slug dart hits the ice beast but does no damage.
The ice beast hits you.
* * * LOW HITPOINT WARNING * * *
The ice beast freezes you!
You die...

#.#.....#..###.#####.##.##
#.#....##..............>..
#.##......####_#_#########
#....#.#### #.#.#
####.#.##### #.#.#
#.#.....# #)..# #)####b##
##### #)#..#Y# #.#..#@#
#.#..#.# #.#..hw###
#.#...b..# #.#####h#######
#.............#
#######.#####.# #.#
##.....<#.#
#.###.....###.#


You could see an ice beast (summoned), a dart slug (summoned) and 2 jackals.

Vanquished Creatures
  Eustachio (D:4)
  2 water moccasins
  A centaur (D:4)
  2 scorpions (D:5)
  A water moccasin zombie (D:4)
  A howler monkey (D:4)
  A centaur skeleton (D:4)
  A gnoll shaman (D:5)
  2 hounds
  Natasha (twice) (D:4)
  An orc wizard (D:4)
  2 iguanas
  6 gnolls
  4 adders
  A white imp (D:5)
  An adder zombie (D:5)
  An adder skeleton (D:4)
  4 worms
  5 dart slugs
  3 orcs (D:4)
  4 endoplasms
  4 giant cockroaches
  9 hobgoblins
  4 jackals (D:1)
  4 quokkas
  9 ball pythons
  4 bats
  7 frilled lizards
  8 goblins
  3 kobolds
  A quokka skeleton (D:4)
  8 rats
107 creatures vanquished.

Notes
Turn   | Place    | Note
-------+----------+-------------------------------------------
     0 | D:1      | dolemite99 the Gnoll Chaos Knight began the quest for the
                  | Orb.
     0 | D:1      | Reached XP level 1. HP: 23/23 MP: 1/1
    53 | D:1      | XOM: divination: detect items
   195 | D:1      | Reached XP level 2. HP: 26/29 MP: 2/2
   368 | D:1      | You fall into a shaft and drop 1 floor!
   503 | D:1      | Reached XP level 3. HP: 35/35 MP: 3/3
   821 | D:1      | Found Ipeabb's Jewellery Boutique.
   879 | D:1      | Found a faded altar of an unknown god.
   890 | D:1      | Reached skill level 1 in Invocations
  1166 | D:2      | Reached skill level 1 in Short Blades
  1166 | D:2      | Reached skill level 1 in Long Blades
  1166 | D:2      | Reached skill level 1 in Axes
  1166 | D:2      | Reached skill level 1 in Maces & Flails
  1166 | D:2      | Reached skill level 1 in Staves
  1166 | D:2      | Reached skill level 1 in Slings
  1166 | D:2      | Reached skill level 1 in Bows
  1166 | D:2      | Reached skill level 1 in Crossbows
  1166 | D:2      | Reached skill level 1 in Throwing
  1166 | D:2      | Reached skill level 1 in Stealth
  1166 | D:2      | Reached skill level 1 in Shields
  1166 | D:2      | Reached skill level 1 in Unarmed Combat
  1166 | D:2      | Reached skill level 1 in Spellcasting
  1166 | D:2      | Reached skill level 1 in Evocations
  1204 | D:2      | Reached XP level 4. HP: 41/41 MP: 5/5
  1607 | D:2      | XOM: noise
  1790 | D:3      | Found a broken altar of Ashenzari.
  1863 | D:3      | You fall into a shaft and drop 2 floors!
  1863 | D:5      | Entered Level 5 of the Dungeon
  1964 | D:5      | Found a sacrificial altar of Ru.
  1972 | D:5      | Found an iron altar of Okawaru.
  2026 | D:5      | XOM: give mutations
  2026 | D:5      | Gained mutation: A frigid envelope surrounds you and
                  | freezes all who hurt you. [Xom's grace]
  2026 | D:5      | Gained mutation: You are strong-willed. (Will+) [Xom's
                  | grace]
  2026 | D:5      | Gained mutation: You are somewhat resistant to further
                  | mutation. [Xom's grace]
  2071 | D:5      | Noticed a water moccasin
  2079 | D:5      | XOM: scenery: create altars
  2079 | D:5      | Killed a water moccasin
  2080 | D:5      | Reached skill level 1 in Conjurations
  2080 | D:5      | Reached skill level 1 in Hexes
  2080 | D:5      | Reached skill level 1 in Summonings
  2080 | D:5      | Reached skill level 1 in Necromancy
  2080 | D:5      | Reached skill level 1 in Translocations
  2080 | D:5      | Reached skill level 1 in Transmutations
  2080 | D:5      | Reached skill level 1 in Fire Magic
  2080 | D:5      | Reached skill level 1 in Ice Magic
  2080 | D:5      | Reached skill level 1 in Air Magic
  2080 | D:5      | Reached skill level 1 in Earth Magic
  2080 | D:5      | Reached skill level 1 in Poison Magic
  2080 | D:5      | Reached XP level 5. HP: 47/47 MP: 5/7
  2113 | D:5      | Reached XP level 6. HP: 53/53 MP: 8/8
  2114 | D:5      | XOM: noise
  2115 | D:5      | XOM: enchant monster (bad)
  2137 | D:5      | Identified the +3 robe of the Blue Moon {rElec}
  2336 | D:4      | Reached skill level 5 in Armour
  2347 | D:4      | Identified the +1 leather armour of Xom's Generosity {MP+9
                  | Dex+6}
  2506 | D:3      | Found a runed translucent gate.
  2507 | D:3      | Found a runed translucent gate.
  2507 | D:3      | Found a runed translucent gate.
  2508 | D:3      | Noticed Nausicaa's ghost (amateur MiBe)
  2855 | D:3      | XOM: smoke on damage
  2991 | D:3      | Noticed a water moccasin
  2993 | D:3      | Killed a water moccasin
  3008 | D:3      | XOM: silly message
  3306 | D:4      | XOM: silly message
  3313 | D:4      | Reached XP level 7. HP: 55/59 MP: 10/10
  3853 | D:4      | Noticed Natasha
  3859 | D:4      | Killed Natasha
  3884 | D:4      | Learned a level 2 spell: Corpse Rot
  3899 | D:4      | Noticed Eustachio
  3905 | D:4      | XOM: potion effect (curing)
  3906 | D:4      | Killed Eustachio
  3907 | D:4      | Reached XP level 8. HP: 67/67 MP: 10/12
  4165 | D:4      | Noticed Natasha
  4170 | D:4      | Killed Natasha
  4759 | D:5      | XOM: god gift: hand crossbow {god gift}
  4833 | D:5      | XOM: give mutations
  4833 | D:5      | Gained mutation: You have a pair of small horns on your
                  | head. [Xom's grace]
  4833 | D:5      | Gained mutation: You have a pair of horns on your head.
                  | [Xom's grace]
  4885 | D:5      | XOM is BORED!
  4885 | D:5      | XOM: summons 3 hostile shadow creatures
  4888 | D:5      | XOM: butterfly on damage
  4891 | D:5      | XOM: summons 1 hostile shadow creature
  4891 | D:5      | Mangled by an ice beast

Illustrated notes

Levels and vault maps discovered:
D:1:      tarquinn_simple_flora_water_a, layout_basic, serial_shops,
          nicolae_shop_behind_doors, dreamdust_ecumenical_altar_statues
D:2:      layout_basic
D:3:      layout_basic, ashenzari_conservatory_becter, gammafunk_ghost_split,
          supply_closet_lemuel, minmay_door_square
D:4:      layout_basic, grunt_ministairs_8, uniq_natasha, uniq_eustachio
D:5:      layout_basic, mainiacjoe_overflow_big_doors
D:6:      layout_gridville, grunt_temple_overflow_forces_of_nature,
          nicolae_gozag_cash_rules_everything_around_me, tso_altar

Skill      XL: |  1  2  3  4  5  6  7  8 |
---------------+-------------------------+-----
Invocations    | 1 2 3 |  3.4
Short Blades   | 1 2 3 |  3.1
Long Blades    | 1 2 3 |  3.1
Axes           | 1 2 3 |  3.1
Maces & Flails | 1 2 3 |  3.1
Staves         | 1 2 3 |  3.1
Slings         | 1 2 3 |  3.1
Bows           | 1 2 3 |  3.1
Crossbows      | 1 2 3 |  3.1
Throwing       | 1 2 3 |  3.1
Stealth        | 1 2 3 |  3.1
Shields        | 1 2 3 |  3.1
Unarmed Combat | 1 2 3 |  3.1
Spellcasting   | 1 2 3 |  3.1
Evocations     | 1 2 3 |  3.1
Dodging        | 3 4 |  4.1
Conjurations   | 1 2 |  2.5
Hexes          | 1 2 |  2.5
Summonings     | 1 2 |  2.5
Necromancy     | 1 2 |  2.5
Translocations | 1 2 |  2.5
Transmutations | 1 2 |  2.5
Fire Magic     | 1 2 |  2.5
Ice Magic      | 1 2 |  2.5
Air Magic      | 1 2 |  2.5
Earth Magic    | 1 2 |  2.5
Poison Magic   | 1 2 |  2.5
Armour         | 5 |  5.6
Fighting       | 7 |  7.3
Polearms       | 7 |  7.3

Action                   |  1- 3 |  4- 6 |  7- 9 || total
-------------------------+-------+-------+-------++-------
Melee: Spear             |   138 |    20 |       ||   158
       Bite              |     9 |     9 |     7 ||    25
       Punch             |     1 |       |       ||     1
       Trident           |       |    12 |    16 ||    28
       Hand axe          |       |    48 |    53 ||   101
 Fire: Shortbow          |       |       |    12 ||    12
Throw: Dart              |       |     4 |       ||     4
  Use: Scroll            |       |     7 |     2 ||     9
       Potion            |       |       |     3 ||     3
 Stab: Paralysed         |     1 |       |       ||     1
       Invisible         |       |       |     1 ||     1
Armor: Leather armour    |     6 |       |       ||     6
       Chain mail        |    35 |    57 |    43 ||   135
Dodge: Dodged            |    27 |    24 |    19 ||    70

Table legend: (Time is in decaauts)
 A = Elapsed time spent in this place.
 B = Non-inter-level travel time spent in this place.
 C = Inter-level travel time spent in this place.
 D = Time resting spent in this place.
 E = Time spent auto-exploring this place.
 F = Levels seen in this place.
 G = Mean time per level.
                   A        B        C        D        E       F      G
               +--------+--------+--------+--------+--------+-----+--------+
         Total |   4852 |   4687 |    165 |    221 |   3487 |   6 |  808.7 |
       Dungeon |   4852 |   4687 |    165 |    221 |   3487 |   6 |  808.7 |
               +--------+--------+--------+--------+--------+-----+--------+

Top non-repeatable levels by time:
     D:5: 1150 daAuts
     D:3: 1019 daAuts
     D:4: 1017 daAuts
     D:1: 968 daAuts
     D:2: 692 daAuts
     D:6: 4 daAuts
